 Dungeon Crawl Stone Soup version 0.14-a0-2443-g5aee772 (webtiles) character file.

24060 Herrn the Carver (level 12, -2/114 HPs)
             Began as a Djinni Fighter on Feb 5, 2014.
             Was a High Priest of Okawaru.
             Slain by an ogre
             ... wielding a +0,+0 giant club
              (17 damage)
             ... on Level 4 of the Orcish Mines.
             The game lasted 02:15:19 (23135 turns).

Herrn the Carver (Djinni Fighter)                  Turns: 23135, Time: 02:15:19

HP  -2/114       AC 18     Str 22      XL: 12   Next: 62%
MP   0/0         EV 10     Int 15      God: Okawaru [*****.]
Gold 1734        SH  0     Dex 23      Spells:  0 memorised, 11 levels left

rFire  + + +     SeeInvis +     d - +3,+2 scimitar (flame)
rCold  . . .     Clarity  .     K - +0 dwarf plate armour
rNeg   + + +     Conserve +     e - +2 buckler of Tulips {Str+4 Acc+4}
rPois  .         rCorr    .     t - +2 helmet {SInv}
rElec  .         rRot     .     F - +0 cloak
SustAb . .       Spirit   .     (no gloves)
rMut   .         Warding  .     (boots unavailable)
Saprov . . .     Stasis   .     E - amulet of conservation
MR     .....                    u - +4 ring of intelligence
                                A - ring of ice

@: confused, agile, flying, not resistant to hostile enchantments, extremely
unstealthy
A: fire immunity, cold vulnerability, thin skeletal structure 1, clever 1, life
protection 3, wild magic 1
a: Heroism, Finesse, Renounce Religion


You were on level 4 of the Orcish Mines.
You worshipped Okawaru.
Okawaru was extremely pleased with you.
You were not hungry.

You visited 2 branches of the dungeon, and saw 16 of its levels.

You collected 1734 gold pieces.

Inventory:

Hand weapons
 c - a +2,+2 orcish scimitar
 d - a +3,+2 scimitar of flaming (weapon)
 y - a +6,+3 falchion
 C - a +2,+2 great sword
 H - a +1,+2 orcish long sword of holy wrath
Armour
 a - a +0 cloak
 e - the +2 buckler of Tulips (worn) {Str+4 Acc+4}
   (Okawaru gifted it to you on level 9 of the Dungeon)

   It affects your strength (+4).
   It affects your accuracy with ranged weapons and melee attacks (+4).
 s - a +0 orcish plate armour
 t - a +2 helmet of see invisible (worn)
 F - a +0 cloak (worn)
 I - a +0 orcish plate armour
 K - a +0 dwarven plate armour (worn)
Magical devices
 h - a wand of draining (7)
 k - a wand of lightning (0)
 m - a wand of lightning (0)
 w - a wand of frost (0)
 x - a wand of flame (4)
 D - a wand of magic darts (9)
Scrolls
 b - 4 scrolls of amnesia
 f - 4 scrolls of teleportation
 g - 9 scrolls of remove curse
 j - 2 scrolls of magic mapping
 l - a scroll of fog
 n - 2 scrolls of blinking
 v - 3 scrolls of identify
 G - a scroll of enchant armour
 J - a scroll of fear
Jewellery
 u - a +4 ring of intelligence (right hand)
 z - an uncursed ring of protection from magic
 A - a ring of ice (left hand)
 E - an amulet of conservation (around neck)
Potions
 i - a potion of speed
 o - 2 potions of restore abilities
 r - a potion of brilliance
 B - a potion of mutation
Magical staves
 p - an uncursed staff of cold {unknown}


   Skills:
 * Level 12.1 Fighting
 + Level 12.6 Long Blades
 + Level 6.1 Armour
 + Level 2.2 Dodging
 + Level 4.4 Shields
 * Level 7.2 Invocations
 - Level 5.0 Evocations


You had 11 spell levels left.
You didn't know any spells.

Dungeon Overview and Level Annotations

Branches:
Dungeon (12/16)            Temple (0/1) D:5             Orc (4/4) D:11
    Elf (0/3) Orc:3          Lair (0/8) D:11

Altars:
Dithmengos
Fedhas
Kikubaaqudgha
Okawaru
Trog
Vehumet
Xom
Yredelemnul
Zin

Shops:
Orc:3 [   Orc:4 [


Innate Abilities, Weirdness & Mutations

You are immune to all types of fire, even holy and hellish.
You are vulnerable to cold.
You need no food.
You have no legs.
You are immune to negative energy.
You have a somewhat thin skeletal structure (Dex +2, Stlth).
Your mind is acute. (Int +2)
Your spells are a little harder to cast, but a little more powerful.


Message History

The ogre mage is almost dead.
The ogre mage points at you and mumbles some strange words.
The bolt of lightning hits you!
* * * LOW HITPOINT WARNING * * *
The orc hits you but does no damage.
You're too confused!
You are too injured to fight recklessly!
Unknown command.
You feel agile all of a sudden.
The ogre mage hits you but does no damage.
The ogre mage hits you with a spear.
* * * LOW HITPOINT WARNING * * *
The orc hits you but does no damage.
The ogre mage points at you and mumbles some strange words.
You are more confused.
You hit the ogre. You burn the ogre.
The ogre is lightly wounded.
The ogre mage hits you but does no damage.
The ogre hits you with a giant club!
You die...

...... ............
.............. ................
.................... .
.......................#.####
........................##.##.
.........................#.....
...............@OO.......#...##.
................o........#...$..
........................#......$
...............................#.
..............)[)................
.........(....(<).......#...##...
..............))[................
.##..................[...........
....................#...)........


You could see an ogre mage, an ogre and an orc.

Vanquished Creatures
  Nessos (Orc:3)
  Erica (Orc:3)
  Nergalle (D:11)
  The ghost of zkyp the Thaumaturge, an experienced DjSu of Sif Muna (D:9)
  An unseen horror (D:9)
  A deep troll (Orc:3)
  3 hill giants
  An orc knight (Orc:3)
  A cyclops (Orc:4)
  2 hydra zombies
  A queen bee (D:9)
  6 trolls
  Prince Ribbit (D:7)
  A komodo dragon (D:10)
  2 two-headed ogres
  A wraith (D:11)
  4 wolves (Orc:3)
  Eustachio (D:7)
  15 yaks (D:9)
  A wyvern (D:9)
  Grum (Orc:4)
  A hungry ghost (D:9)
  A hill giant skeleton (D:11)
  5 hippogriffs
  3 necrophages
  The ghost of timbw the Chopper, an average VSFi (D:5)
  2 dwarves (Orc:3)
  19 orc warriors
  A black bear (D:6)
  2 phantoms
  11 ogres
  3 ice beasts (D:9)
  2 centaurs
  A warg (D:11)
  A crocodile (D:11)
  Sigmund (D:4)
  3 sky beasts
  A water moccasin (D:7)
  A big kobold (D:11)
  7 giant frogs
  A wyvern skeleton (D:11)
  38 killer bees
  A goliath beetle (D:11)
  8 crimson imps
  2 giant frog skeletons
  The ghost of timbw the Chopper, a weakling VSFi (D:4)
  6 jellies
  6 hounds
  Crazy Yiuf (D:7)
  18 orc priests
  3 iguanas
  A soldier ant zombie (D:10)
  2 scorpions
  A centaur skeleton (D:11)
  31 orc wizards
  2 spectral orcs (D:11)
  A quasit (D:9)
  8 worker ants
  Jessica (D:3)
  A crocodile skeleton (D:10)
  A hound zombie (D:8)
  A worker ant zombie (D:11)
  6 adders
  10 gnolls
  An orc zombie (D:5)
  An orc skeleton (D:9)
  An inept item mimic (D:4)
  A giant mite (D:2)
  3 worms
  3 giant eyeballs
  2 oozes
  155 orcs
  28 bats
  22 goblins
  17 hobgoblins
  18 kobolds
  2 quokkas
  2 ball pythons
  12 giant cockroaches
  4 giant geckos
  7 giant newts
  A giant newt skeleton (D:5)
  2 giant spores
  2 hobgoblin skeletons
  18 jackals
  2 quokka skeletons
  19 rats
  10 ballistomycetes
  A fungus (D:7)
598 creatures vanquished.

Vanquished Creatures (others)
  A crimson imp (D:9)
  An orc (Orc:2)
  2 giant spores (D:9)
4 creatures vanquished.

Grand Total: 602 creatures vanquished

Notes
Turn   | Place    | Note
--------------------------------------------------------------
     0 | D:1      | Herrn, the Djinni Fighter, began the quest for the Orb.
     0 | D:1      | Reached XP level 1. HP: 16/16 MP: 0/0
   123 | D:1      | Reached XP level 2. EP: 21/23
   732 | D:1      | Reached XP level 3. EP: 17/30
  1086 | D:2      | Reached skill level 4 in Fighting
  1341 | D:2      | Reached XP level 4. EP: 30/37
  2147 | D:3      | Reached XP level 5. EP: 38/43
  2491 | D:3      | HP: 1/43 [orc priest/divine providence (9)]
  2515 | D:2      | Reached skill level 5 in Fighting
  2725 | D:2      | Reached XP level 6. EP: 45/51
  3080 | D:3      | Found a blossoming altar of Fedhas.
  3086 | D:3      | Noticed Jessica
  3096 | D:3      | Killed Jessica
  3987 | D:4      | Reached skill level 5 in Long Blades
  3999 | D:4      | Found a shadowy altar of Dithmengos.
  4117 | D:4      | Reached skill level 1 in Evocations
  4117 | D:4      | Reached XP level 7. EP: 46/59
  4292 | D:4      | Noticed timbw's ghost (weakling VSFi)
  4296 | D:4      | Killed timbw's ghost
  4384 | D:4      | Found a radiant altar of Vehumet.
  4384 | D:4      | Found a basalt altar of Yredelemnul.
  4384 | D:4      | Found an iron altar of Okawaru.
  4399 | D:4      | Became a worshipper of Warmaster Okawaru
  4524 | D:4      | Noticed Sigmund
  4542 | D:4      | Killed Sigmund
  4542 | D:4      | Reached skill level 6 in Fighting
  4906 | D:5      | Entered Level 5 of the Dungeon
  5424 | D:5      | Noticed timbw's ghost (average VSFi)
  5430 | D:5      | Killed timbw's ghost
  5430 | D:5      | Acquired Okawaru's first power
  5430 | D:5      | Reached XP level 8. EP: 69/69
  5823 | D:5      | Reached skill level 1 in Invocations
  5829 | D:5      | Gained mutation: You have a somewhat thin skeletal structure (Dex +2, Stlth). [potion of beneficial mutation]
  6182 | D:5      | Found a staircase to the Ecumenical Temple.
  6259 | D:5      | Reached skill level 7 in Fighting
  7345 | D:7      | Noticed Eustachio
  7369 | D:7      | Killed Eustachio
  7568 | D:7      | Found a shimmering altar of Xom.
  7568 | D:7      | Found an ancient bone altar of Kikubaaqudgha.
  7613 | D:6      | Reached XP level 9. EP: 6/80
  7782 | D:6      | HP: 3/80 [orc warrior/orcish long sword (11)]
  8037 | D:5      | Reached skill level 8 in Fighting
  8349 | D:7      | Noticed Prince Ribbit
  8406 | D:7      | Killed Prince Ribbit
  8885 | D:7      | Got a bloodstained robe
  8897 | D:7      | Identified the cursed -5 robe of Misfortune {-Cast Contam *Tele EV-4 Str-2 Dex-2 Int-2 Stlth-- Curse} (You found it on level 7 of the Dungeon)
  9251 | D:7      | Noticed Crazy Yiuf
  9257 | D:7      | Killed Crazy Yiuf
  9434 | D:8      | Paralysed by a giant eyeball for 4 turns
  9561 | D:8      | Reached skill level 5 in Evocations
  9602 | D:8      | Reached skill level 9 in Long Blades
  9957 | D:8      | Gained mutation: Your mind is acute. (Int +2) [potion of beneficial mutation]
 10104 | D:8      | Reached XP level 10. EP: 69/92
 10665 | D:9      | Paralysed by a giant eyeball for 3 turns
 10671 | D:9      | Paralysed by a giant eyeball for 2 turns
 10942 | D:9      | Noticed an unseen horror
 10957 | D:9      | Killed an unseen horror
 10977 | D:9      | Acquired Okawaru's second power
 11353 | D:9      | Reached skill level 10 in Long Blades
 11556 | D:9      | Reached skill level 10 in Fighting
 11780 | D:9      | Noticed zkyp's ghost (experienced DjSu)
 11822 | D:9      | Killed zkyp's ghost
 12115 | D:9      | Received a gift from Okawaru
 12115 | D:9      | Reached skill level 5 in Invocations
 12115 | D:9      | Reached XP level 11. EP: 60/101
 12131 | D:9      | Got a dazzling buckler {god gift}
 12176 | D:9      | HP: 5/101 [killer bee (7)]
 12553 | D:8      | Identified the +2 buckler of Tulips {Str+4 Acc+4} (Okawaru gifted it to you on level 9 of the Dungeon)
 12803 | D:9      | Found a basalt altar of Yredelemnul.
 12839 | D:9      | Reached skill level 11 in Long Blades
 13728 | D:9      | Found a glowing silver altar of Zin.
 13918 | D:10     | Entered Level 10 of the Dungeon
 14310 | D:10     | Noticed a hill giant
 14327 | D:10     | Killed a hill giant
 15133 | D:10     | Gained mutation: Your spells are a little harder to cast, but a little more powerful. [potion of beneficial mutation]
 15205 | D:10     | Noticed a hill giant
 15215 | D:10     | Killed a hill giant
 15545 | D:11     | Reached skill level 12 in Long Blades
 15617 | D:11     | Found a staircase to the Orcish Mines.
 15999 | D:11     | Noticed Nergalle
 16450 | D:11     | Killed Nergalle
 16539 | D:11     | Reached skill level 1 in Dodging
 17313 | D:11     | Found a staircase to the Lair.
 17366 | D:12     | Noticed a five-headed hydra
 17435 | Orc:1    | Entered Level 1 of the Orcish Mines
 17721 | Orc:1    | Found a bloodstained altar of Trog.
 17820 | Orc:1    | Reached XP level 12. EP: 89/112
 18627 | Orc:2    | Received a gift from Okawaru
 20196 | Orc:3    | Noticed Nessos
 20268 | Orc:3    | Killed Nessos
 20268 | Orc:3    | Reached skill level 5 in Armour
 20292 | Orc:3    | Noticed Erica
 20325 | Orc:3    | Killed Erica
 20741 | Orc:3    | Found Kief's Antique Armour Shoppe.
 20744 | Orc:3    | Found a staircase to the Elven Halls.
 21104 | Orc:3    | Found an iron altar of Okawaru.
 21392 | Orc:4    | Entered Level 4 of the Orcish Mines
 22419 | Orc:4    | Found Vutunirgh's Armour Boutique.
 22421 | Orc:4    | Noticed Grum
 23084 | Orc:4    | Killed Grum
 23088 | Orc:4    | Noticed an ogre mage
 23091 | Orc:4    | Paralysed by an ogre mage for 6 turns
 23104 | Orc:4    | Paralysed by an ogre mage for 5 turns
 23119 | Orc:4    | Paralysed by an ogre mage for 7 turns
 23135 | Orc:4    | Slain by an ogre

Action                   |  1- 3 |  4- 6 |  7- 9 | 10-12 || total
-------------------------+-------+-------+-------+-------++-------
Melee: Falchion          |   203 |   386 |   792 |   933 ||  2314
       Long sword        |       |       |       |   451 ||   451
       Scimitar          |       |       |       |   187 ||   187
Invok: Heroism           |       |       |     3 |     4 ||     7
       Finesse           |       |       |       |     3 ||     3
Evoke: Wand              |       |       |    12 |    44 ||    56
  Use: Potion            |       |     5 |     8 |    11 ||    24
       Scroll            |       |       |    19 |    13 ||    32
 Stab: Distracted        |       |       |       |     1 ||     1
